3AAA
VERMONT LAKE MONSTERS @ BALBOA BUCCANEERS
08/23/2020
 
TOP OF THE 1ST
Vermont Lake Monsters batting - Pitching for Balboa Buccaneers : RHP Eduardo Capata
Pitching: RHP Eduardo Capata
Batting: RHB Bill McCarty 0-0: Foul Ball, location: 2F
0-1: Ball
1-1: Foul Ball, location: 2F
1-2: Ball
2-2: Strikes out swinging
Batting: RHB Keith Burnett 0-0: Bunt for hit - play at first, batter OUT! 5-3
Batting: LHB Tim Hill 0-0: Called Strike
0-1: Ball
1-1: Swinging Strike
1-2: Ball
2-2: Foul Ball, location: 2F
2-2: Ball
3-2: DOUBLE (Flyball, 89D)
Batting: RHB Ramiro Rico 0-0: Ground out 6-3 (Groundball, 6)
Top of the 1st over - 0 run(s), 1 hit(s), 0 error(s), 1 left on base; Vermont 0 - Balboa 0
BOTTOM OF THE 1ST
Balboa Buccaneers batting - Pitching for Vermont Lake Monsters : RHP Pablo De La Torre
Pitching: RHP Pablo De La Torre
Batting: RHB José Correa 0-0: Ball
1-0: Swinging Strike
1-1: Ground out 6-3 (Groundball, 6)
Batting: RHB Roy Childress 0-0: Called Strike
0-1: Ball
1-1: Ball
2-1: Called Strike
2-2: Ball
3-2: Hit by Pitch
Batting: LHB Sergio Muñóz 0-0: Fly out, F6 (Popup, 6D)
Batting: RHB William Hull 0-0: Foul Ball, location: 2F
0-1: Ball
1-1: Ball
2-1: Ball
3-1: Called Strike
3-2: Fly out, F9 (Flyball, 9LMF)
Bottom of the 1st over - 0 run(s), 0 hit(s), 0 error(s), 1 left on base; Vermont 0 - Balboa 0
TOP OF THE 2ND
Vermont Lake Monsters batting - Pitching for Balboa Buccaneers : RHP Eduardo Capata
Batting: RHB Dale Carney 0-0: Ball
1-0: Foul Ball, location: 2F
1-1: Called Strike
1-2: Fly out, F7 (Flyball, 78M)
Batting: RHB Pat Ings 0-0: Ball
1-0: Called Strike
1-1: Fly out, F1 (Popup, 23)
Batting: RHB Ray John 0-0: Ball
1-0: Ball
2-0: Called Strike
2-1: TRIPLE (Line Drive, 9LM)
Batting: RHB Teddy Pelham 0-0: Swinging Strike
0-1: Ball
1-1: DOUBLE (Flyball, 9LS)
Ray John scores
Batting: RHB Carlos Padilla 0-0: Swinging Strike
0-1: Ball
1-1: Ball
2-1: Ball
3-1: Ground out 4-3 (Groundball, 4)
Top of the 2nd over - 1 run(s), 2 hit(s), 0 error(s), 1 left on base; Vermont 1 - Balboa 0
BOTTOM OF THE 2ND
Balboa Buccaneers batting - Pitching for Vermont Lake Monsters : RHP Pablo De La Torre
Batting: LHB Sam Good 0-0: Called Strike
0-1: Foul Ball, location: 2F
0-2: Strikes out looking
Batting: RHB Lane Hancock 0-0: Fly out, F7 (Line Drive, 78M)
Batting: SHB Walt Smith 0-0: Ground out U3 (Groundball, 3)
Bottom of the 2nd over - 0 run(s), 0 hit(s), 0 error(s), 0 left on base; Vermont 1 - Balboa 0
TOP OF THE 3RD
Vermont Lake Monsters batting - Pitching for Balboa Buccaneers : RHP Eduardo Capata
Batting: RHB Bill McCarty 0-0: Ball
1-0: SINGLE (Groundball, 5)
Batting: RHB Keith Burnett 0-0: Ground out 4-3 (Groundball, 4M)
Bill McCarty to second
Batting: LHB Tim Hill 0-0: Ball
1-0: Ball
Wild Pitch!
Bill McCarty to third
2-0: Fly out, F6 (Popup, 5D)
Batting: RHB Ramiro Rico 0-0: Called Strike
0-1: SINGLE (Groundball, 56D)
Bill McCarty scores
Batting: RHB Dale Carney 0-0: Ball
1-0: Called Strike
1-1: Foul Ball, location: 2F
1-2: Fielders Choice at 2nd, U6 (Groundball, 6M)
Top of the 3rd over - 1 run(s), 2 hit(s), 0 error(s), 1 left on base; Vermont 2 - Balboa 0
BOTTOM OF THE 3RD
Balboa Buccaneers batting - Pitching for Vermont Lake Monsters : RHP Pablo De La Torre
Batting: LHB Imre Brincka 0-0: Ball
1-0: Called Strike
1-1: Ball
2-1: Ball
3-1: Foul Ball, location: 2F
3-2: Foul Ball, location: 2F
3-2: Base on Balls
Batting: SHB Wook-jin Pae 0-0: Foul Ball, location: 2F
0-1: Ball
1-1: Ball
2-1: Foul Ball, location: 2F
2-2: Ball
3-2: Foul Ball, location: 2F
3-2: Base on Balls
Imre Brincka to second
Batting: RHB José Correa 0-0: Ball
1-0: Ball
2-0: Ball
3-0: Base on Balls
Imre Brincka to third
Wook-jin Pae to second
Batting: RHB Roy Childress 0-0: Called Strike
0-1: Ball
1-1: Ball
2-1: SINGLE (Line Drive, 78S)
Imre Brincka scores
Wook-jin Pae to third
José Correa to second
Runner from 3rd tries for Home, SAFE, no throw or cutoff
Batting: LHB Sergio Muñóz 0-0: Foul Ball, location: 2F
0-1: SINGLE (Groundball, 2L) (infield hit)
José Correa to third
Roy Childress to second
Batting: RHB William Hull 0-0: Called Strike
0-1: Ball
1-1: Fly out, F8 (Flyball, 8LM)
Runner from 3rd tags up, SCORES, no throw
Batting: LHB Sam Good 0-0: Ball
1-0: Fly out, F8 (Flyball, 8RD)
Runner from 2nd tags up, SAFE at 3rd, no throw
Batting: RHB Lane Hancock 0-0: Ball
1-0: Fly out, F9 (Flyball, 9LM)
Bottom of the 3rd over - 3 run(s), 2 hit(s), 0 error(s), 2 left on base; Vermont 2 - Balboa 3
TOP OF THE 4TH
Vermont Lake Monsters batting - Pitching for Balboa Buccaneers : RHP Eduardo Capata
Batting: RHB Pat Ings 0-0: Ball
1-0: Called Strike
1-1: Ball
2-1: Ball
3-1: SINGLE (Line Drive, 89S)
Batting: RHB Ray John 0-0: Ball
1-0: Called Strike
1-1: Foul Ball, location: 2F
1-2: Ball
2-2: Strikes out swinging
Batting: RHB Teddy Pelham 0-0: Ball
1-0: Called Strike
Pat Ings steals 2nd base
1-1: Swinging Strike
1-2: Ground out 6-3 (Groundball, 6)
Batting: RHB Carlos Padilla 0-0: Ball
1-0: Called Strike
1-1: Fly out, F8 (Flyball, 8RD)
Top of the 4th over - 0 run(s), 1 hit(s), 0 error(s), 1 left on base; Vermont 2 - Balboa 3
BOTTOM OF THE 4TH
Balboa Buccaneers batting - Pitching for Vermont Lake Monsters : RHP Pablo De La Torre
Batting: SHB Walt Smith 0-0: Called Strike
0-1: Foul Ball, location: 2F
0-2: Ball
1-2: Ball
2-2: Ball
3-2: Foul Ball, location: 2F
3-2: Foul Ball, location: 2F
3-2: Foul Ball, location: 2F
3-2: Foul Ball, location: 2F
3-2: Fly out, F9 (Line Drive, 9S)
Batting: LHB Imre Brincka 0-0: Fly out, F5 (Line Drive, 5)
Batting: SHB Wook-jin Pae 0-0: Ball
1-0: SINGLE (Flyball, 8LS)
Batting: RHB José Correa 0-0: Foul Ball, location: 2F
0-1: Ball
1-1: Ball
2-1: Called Strike
2-2: Ground out 5-3 (Groundball, 5S)
Bottom of the 4th over - 0 run(s), 1 hit(s), 0 error(s), 1 left on base; Vermont 2 - Balboa 3
TOP OF THE 5TH
Vermont Lake Monsters batting - Pitching for Balboa Buccaneers : RHP Eduardo Capata
Batting: RHB Bill McCarty 0-0: Ball
1-0: Swinging Strike
1-1: Reached on error, E4 (Groundball, 4)
Batting: RHB Keith Burnett 0-0: Sac Bunt - play at first, batter OUT! 1-4
Bill McCarty to second
Batting: LHB Tim Hill 0-0: Ball
1-0: Called Strike
1-1: Fly out, F8 (Flyball, 8LM)
Batting: RHB Ramiro Rico 0-0: 2-RUN HOME RUN (Flyball, 89D), Distance : 388 ft
Batting: RHB Dale Carney 0-0: Called Strike
0-1: Ball
1-1: Ball
2-1: Ball
3-1: Fly out, F8 (Flyball, 89M)
Top of the 5th over - 2 run(s), 1 hit(s), 1 error(s), 0 left on base; Vermont 4 - Balboa 3
BOTTOM OF THE 5TH
Balboa Buccaneers batting - Pitching for Vermont Lake Monsters : RHP Pablo De La Torre
Batting: RHB Roy Childress 0-0: Ball
1-0: Ground out 6-3 (Groundball, 6)
Batting: LHB Sergio Muñóz 0-0: Ball
1-0: Ball
2-0: Called Strike
2-1: Called Strike
2-2: Foul Ball, location: 2F
2-2: Strikes out swinging
Batting: RHB William Hull 0-0: SINGLE (Groundball, 6MD)
Batting: LHB Sam Good 0-0: Called Strike
0-1: Swinging Strike
0-2: Ball
1-2: Foul Ball, location: 2F
1-2: Foul Ball, location: 2F
1-2: Ball
2-2: Ball
3-2: Foul Ball, location: 2F
3-2: Strikes out swinging
Bottom of the 5th over - 0 run(s), 1 hit(s), 0 error(s), 1 left on base; Vermont 4 - Balboa 3
TOP OF THE 6TH
Vermont Lake Monsters batting - Pitching for Balboa Buccaneers : RHP Eduardo Capata
Batting: RHB Pat Ings 0-0: SINGLE (Line Drive, 3D)
Batting: RHB Ray John 0-0: Ball
1-0: Bunted foul
1-1: Bunted foul
1-2: Ball
2-2: Grounds into double play, 6-4-3 (Groundball, 6)
Batting: RHB Teddy Pelham 0-0: Ball
1-0: Fly out, F7 (Line Drive, 78M)
Top of the 6th over - 0 run(s), 1 hit(s), 0 error(s), 0 left on base; Vermont 4 - Balboa 3
BOTTOM OF THE 6TH
Balboa Buccaneers batting - Pitching for Vermont Lake Monsters : RHP Pablo De La Torre
Batting: RHB Lane Hancock 0-0: Fly out, F7 (Flyball, 7D)
Batting: SHB Walt Smith 0-0: Ball
1-0: Ball
2-0: Called Strike
2-1: Swinging Strike
2-2: Foul Ball, location: 2F
2-2: Foul Ball, location: 2F
2-2: Ground out 4-3 (Groundball, 4)
Batting: LHB Imre Brincka 0-0: Fly out, F8 (Flyball, 8RXD)
Bottom of the 6th over - 0 run(s), 0 hit(s), 0 error(s), 0 left on base; Vermont 4 - Balboa 3
TOP OF THE 7TH
Vermont Lake Monsters batting - Pitching for Balboa Buccaneers : RHP Eduardo Capata
Batting: RHB Carlos Padilla 0-0: Ground out 6-3 (Groundball, 6MS)
Batting: RHB Bill McCarty 0-0: Ball
1-0: Ball
2-0: Called Strike
2-1: Fly out, F4 (Popup, 4MD)
Batting: RHB Keith Burnett 0-0: Ball
1-0: Ball
2-0: Foul Ball, location: 2F
2-1: Foul Ball, location: 2F
2-2: Ball
3-2: Fly out, F4 (Popup, 9S)
Top of the 7th over - 0 run(s), 0 hit(s), 0 error(s), 0 left on base; Vermont 4 - Balboa 3
BOTTOM OF THE 7TH
Balboa Buccaneers batting - Pitching for Vermont Lake Monsters : RHP Pablo De La Torre
Batting: SHB Wook-jin Pae 0-0: Ball
1-0: Fly out, F8 (Flyball, 78S)
Batting: RHB José Correa 0-0: Ball
1-0: TRIPLE (Line Drive, 78XD)
Pitching: RHP Branislav Stankovic
Batting: RHB Roy Childress 0-0: Ball
1-0: Ball
2-0: Foul Ball, location: 2F
2-1: Ball
3-1: Base on Balls
Batting: LHB Sergio Muñóz 0-0: Called Strike
0-1: Ball
1-1: Called Strike
1-2: Fly out, F6 (Line Drive, 6)
1-2: Fly out, F6 (Line Drive, 6)
Batting: RHB William Hull 0-0: Ball
1-0: Foul Ball, location: 2F
1-1: Foul Ball, location: 2F
1-2: Ball
2-2: Foul Ball, location: 2F
2-2: Ball
3-2: Foul Ball, location: 2F
3-2: Fly out, F8 (Flyball, 8RD)
Bottom of the 7th over - 0 run(s), 1 hit(s), 0 error(s), 2 left on base; Vermont 4 - Balboa 3
TOP OF THE 8TH
Vermont Lake Monsters batting - Pitching for Balboa Buccaneers : RHP Eduardo Capata
Batting: LHB Tim Hill 0-0: Foul Ball, location: 2F
0-1: Ball
1-1: Fly out, F8 (Flyball, 8LM)
Batting: RHB Ramiro Rico 0-0: Ball
1-0: Fly out, F6 (Line Drive, 6)
Batting: RHB Dale Carney 0-0: Called Strike
0-1: Swinging Strike
0-2: Strikes out swinging
Top of the 8th over - 0 run(s), 0 hit(s), 0 error(s), 0 left on base; Vermont 4 - Balboa 3
BOTTOM OF THE 8TH
Balboa Buccaneers batting - Pitching for Vermont Lake Monsters : RHP Branislav Stankovic
Pitching: LHP Carl Dyess
Now at SS: Carlos Santos
Batting: LHB Sam Good 0-0: Ball
1-0: Called Strike
1-1: Ball
2-1: Foul Ball, location: 2F
2-2: Strikes out swinging
Pitching: RHP Jason Mosley
Batting: RHB Lane Hancock 0-0: Ball
1-0: Ball
2-0: Foul Ball, location: 2F
2-1: Foul Ball, location: 2F
2-2: Ground out 6-3 (Groundball, 6M)
Pitching: LHP Pat Horton
Batting: SHB Walt Smith 0-0: Foul Ball, location: 2F
0-1: Ball
1-1: Fly out, F8 (Flyball, 8LS)
Bottom of the 8th over - 0 run(s), 0 hit(s), 0 error(s), 0 left on base; Vermont 4 - Balboa 3
TOP OF THE 9TH
Vermont Lake Monsters batting - Pitching for Balboa Buccaneers : RHP Eduardo Capata
Batting: RHB Pat Ings 0-0: Ball
1-0: Ball
2-0: Called Strike
2-1: Ground out 4-3 (Groundball, 4)
Batting: RHB Ray John 0-0: Ball
1-0: Ball
2-0: Ball
3-0: Base on Balls
Pitching: RHP Luis De La Hoya
Pinch Runner at 1st Arnold Cook:
Batting: RHB Teddy Pelham 0-0: Called Strike
0-1: Swinging Strike
0-2: Strikes out swinging
Pitching: LHP Jim Unknown
Batting: RHB Carlos Padilla 0-0: Ball
1-0: Fly out, F5 (Popup, 5)
Top of the 9th over - 0 run(s), 0 hit(s), 0 error(s), 1 left on base; Vermont 4 - Balboa 3
BOTTOM OF THE 9TH
Balboa Buccaneers batting - Pitching for Vermont Lake Monsters : LHP Pat Horton
Pitching: RHP Miguel Castillo
Now at 1B: Arnold Cook
Batting: LHB Imre Brincka 0-0: SINGLE (Line Drive, 8LS)
Batting: SHB Wook-jin Pae 0-0: Ball
1-0: Called Strike
1-1: Swinging Strike
1-2: Foul Ball, location: 2F
1-2: Ball
2-2: Strikes out swinging
Pinch Hitting: LHB Jeffrey Gregg 0-0: Called Strike
0-1: Foul Ball, location: 2F
0-2: Foul Ball, location: 2F
0-2: Foul Ball, location: 2F
0-2: Ball
1-2: Foul Ball, location: 2F
1-2: Foul Ball, location: 2F
1-2: Ball
2-2: 2-RUN HOME RUN (Line Drive, 9D), Distance : 371 ft
This league is powered by Out of the Park Baseball, the baseball management simulation game for PC, Mac and Linux
Friday, October 23rd, 2015 - OOTP Baseball 16.9 Build 39